 Dungeon Crawl Stone Soup version 0.24.0-2-g5b39cebb1c (webtiles) character file.

Game seed: 17715844614731121806, levelgen mode: deterministic

8299 BryzzWind the Slicer (level 11, -3/69 HPs)
             Began as a Kobold Berserker on Oct 30, 2019.
             Was an Elder of Trog.
             Slain by a black mamba (9 damage)
             ... on level 2 of the Lair of Beasts.
             The game lasted 00:25:00 (9180 turns).

BryzzWind the Slicer (Kobold Berserker)             Turns: 9180, Time: 00:25:01

Health: -3/69      AC: 15    Str: 15    XL:     11   Next: 53%
Magic:  11/11      EV: 17    Int: 11    God:    Trog [****..]
Gold:   480        SH:  6    Dex: 15    Spells: 10/10 levels left

rFire    + . .     SeeInvis .   r - +2 dagger (elec)
rCold    . . .     Gourm    .   a - +0 buckler
rNeg     . . .     Faith    .   q - +3 scale mail
rPois    +         Spirit   .   t - +0 helmet
rElec    .         Reflect  .   (no cloak)
rCorr    .         Harm     .   I - +0 pair of gloves
MR       ++...                  (no boots)
Stlth    +++.......             b - amulet of regeneration
HPRegen  1.61/turn              i - ring of wizardry
MPRegen  0.12/turn              F - ring of protection from fire

@: berserk cooldown, regenerating, slowed, very slow
A: small, yellow scales 1, carnivore, poison resistance, wild magic 1
a: Berserk, Trog's Hand, Brothers in Arms, Renounce Religion


You were on level 2 of the Lair of Beasts.
You worshipped Trog.
Trog was greatly pleased with you.
You were very full.

You visited 2 branches of the dungeon, and saw 10 of its levels.
You also visited: Sewer.

You collected 480 gold pieces.

Inventory:

Hand Weapons
 r - a +2 dagger of electrocution (weapon)
 y - a +0 trident
 z - a +0 spear of venom
 D - a +2 shortbow of flaming
Missiles
 k - 195 arrows
 s - 69 bolts
Armour
 a - a +0 buckler (worn)
 f - a +0 ring mail of cold resistance
 q - a +3 scale mail (worn)
 t - a +0 helmet (worn)
 I - a +0 pair of gloves (worn)
Magical Staves
 C - an uncursed staff of poison {unknown}
Jewellery
 b - an amulet of regeneration (around neck)
 h - an uncursed amulet of rage
 i - a ring of wizardry (left hand)
 u - an uncursed ring of fire {unknown}
 F - a ring of protection from fire (right hand)
Wands
 e - a wand of enslavement (6)
 j - a wand of random effects (15)
 x - a wand of iceblast (21)
Scrolls
 d - 7 scrolls of amnesia
 g - 5 scrolls of teleportation
 m - 2 scrolls of immolation
 p - a scroll of identify
 E - a scroll of random uselessness {unknown}
 J - 3 scrolls of fear
 K - 2 scrolls of remove curse
Potions
 l - 2 potions of agility
 n - 7 potions of curing
 v - a potion of lignification
 w - 3 potions of might
 A - 5 potions of flight
 B - 2 potions of brilliance
Comestibles
 c - 10 rations
 o - 4 chunks of flesh


   Skills:
 + Level 8.4 Fighting
 - Level 10.0 Short Blades
 + Level 6.2 Armour
 + Level 8.8 Dodging
 + Level 9.9 Stealth
 - Level 5.6 Shields


You had 10 spell levels left.
You didn't know any spells.
Your spell library was empty.

Dungeon Overview and Level Annotations

Branches:
Dungeon (8/15)             Temple (0/1) D:5            Lair (2/6) D:8
  Sewer (visited)
  Swamp: Lair:2-4    Shoals: Lair:2-4     Snake: Lair:2-4    Spider: Lair:2-4

Altars:
Cheibriados
Kikubaaqudgha
Nemelex Xobeh
Okawaru
Vehumet
Zin
The Shining One

Annotations:
Lair:1 3 runed translucent doors, acidapple's ghost, journeyman VSTm


Innate Abilities, Weirdness & Mutations

You are small and have problems with some larger weapons.
You are carnivorous and can eat meat at any time.
You are partially covered in yellow scales. (AC +2)
Your system is resistant to poisons. (rPois)
Your spells are a little harder to cast, but a little more powerful.


Message History

The bullfrog closely misses you. The black mamba bites you.
* * * LOW HITPOINT WARNING * * *
The bullfrog misses you.
Okay, then.
Your skin crawls.
You feel resistant to hostile enchantments.
You feel somewhat less full. The black mamba closely misses you.
You block the wolf's attack. The black mamba closely misses you.
The wolf bites you!
* * * LOW HITPOINT WARNING * * *
The bullfrog hits you.
* * * LOW HITPOINT WARNING * * *
The wolf bites you but does no damage. The black mamba closely misses you.
The wolf barely misses you. The bullfrog misses you.
You block the wolf's attack.
You fail to use your ability.
You block the black mamba's attack. The wolf misses you.
The wolf barely misses you.
The bullfrog hits you but does no damage.
The black mamba bites you!
You die...

##....##.#....................
#.........P.....####...P.....##
.....P....P^....#####..##.....#
#................#.....##....###
##...............#..............
#..............##.....P#....#
#...#..........rl......#....#
##........#....hF#...........#
#...............@Sh..P###....# ##
##...P.#.P#.....#hH#..#.P.F..###.
##...............P...........##..
#P...............................
##...............................
##...............................
#................................
##.###.#.#.##......##.+........#.
##.#.###.##........#.#..#......#.


You could see a komodo dragon, a hippogriff, a black mamba, 3 wolves, a bullfrog
and a porcupine.

Vanquished Creatures
  A two-headed ogre (D:8)
  Joseph (D:8)
  Psyche (D:8)
  A black mamba (Lair:1)
  A rime drake (Lair:2)
  A komodo dragon (Lair:1)
  A polar bear (Lair:1)
  2 hippogriffs (Lair:1)
  A wyvern (D:8)
  7 yaks (Lair:1)
  4 porcupines
  3 orc warriors (D:8)
  A black bear (Lair:1)
  An ice beast (D:8)
  4 sky beasts
  2 phantoms
  3 ogres
  4 centaurs
  2 crocodiles
  3 big kobolds (Sewer)
  8 bullfrogs
  3 scorpions
  5 wights (D:8)
  3 crimson imps
  4 orc priests
  6 hounds
  A gnoll shaman (D:4)
  An iron imp (D:8)
  6 iguanas
  9 orc wizards
  5 worker ants
  A killer bee zombie (D:5)
  A hound zombie (D:8)
  Robin (D:2)
  8 gnolls
  13 adders
  A howler monkey skeleton (D:4)
  3 shadow imps
  An adder skeleton (D:4)
  3 worms
  3 dart slugs (D:1)
  8 leopard geckos
  25 orcs
  9 bats
  7 giant cockroaches
  9 hobgoblins
  18 kobolds
  5 quokkas
  4 ball pythons (Sewer)
  8 frilled lizards
  16 goblins
  4 goblin skeletons (D:4)
  A goblin zombie (D:4)
  A hobgoblin zombie (D:4)
  A kobold skeleton (D:4)
  A kobold zombie (D:4)
  2 orc skeletons (D:4)
  2 orc zombies (D:4)
  A quokka zombie (D:5)
  11 rats
  A butterfly (D:5)
264 creatures vanquished.

Vanquished Creatures (others)
  2 fungi
  A plant (D:8)
3 creatures vanquished.

Grand Total: 267 creatures vanquished

Notes
Turn   | Place    | Note
-------+----------+-------------------------------------------
     0 | D:1      | BryzzWind the Kobold Berserker began the quest for the Orb.
     0 | D:1      | Reached XP level 1. HP: 14/14 MP: 1/1
   161 | D:1      | Reached XP level 2. HP: 18/19 MP: 2/2
   235 | D:1      | Reached skill level 1 in Stealth
   750 | D:1      | Reached XP level 3. HP: 17/23 MP: 3/3
   969 | D:1      | Reached ** piety under Trog
  1177 | D:2      | Reached XP level 4. HP: 20/28 MP: 4/4
  1602 | D:2      | Reached skill level 5 in Short Blades
  1768 | D:2      | Found an ancient bone altar of Kikubaaqudgha.
  2045 | D:2      | Noticed Robin
  2065 | D:2      | Reached XP level 5. HP: 25/33 MP: 5/5
  2085 | D:2      | Killed Robin
  2496 | D:3      | Reached *** piety under Trog
  3047 | D:4      | Reached XP level 6. HP: 37/38 MP: 6/6
  3062 | D:4      | Reached skill level 6 in Short Blades
  3638 | D:4      | Found an iron altar of Okawaru.
  3642 | D:4      | Reached XP level 7. HP: 41/44 MP: 7/7
  3720 | D:4      | Found a glowing golden altar of the Shining One.
  4069 | D:4      | Reached skill level 7 in Short Blades
  4078 | D:4      | Reached **** piety under Trog
  4246 | D:5      | Entered Level 5 of the Dungeon
  4256 | D:5      | Reached XP level 8. HP: 35/48 MP: 8/8
  4347 | D:5      | Found a staircase to the Ecumenical Temple.
  4439 | D:5      | Reached skill level 5 in Fighting
  4770 | D:6      | Reached skill level 8 in Short Blades
  4770 | D:6      | Reached skill level 5 in Stealth
  4812 | D:6      | Reached skill level 5 in Dodging
  4826 | D:6      | Found a glowing drain.
  4929 | Sewer    | Entered a sewer
  4966 | Sewer    | Reached skill level 9 in Short Blades
  4966 | Sewer    | Reached XP level 9. HP: 54/54 MP: 9/9
  5404 | D:6      | Gained mutation: Your spells are a little harder to cast,
                  | but a little more powerful. [potion of mutation]
  5404 | D:6      | Gained mutation: Your system is resistant to poisons.
                  | (rPois) [potion of mutation]
  5404 | D:6      | Gained mutation: You are partially covered in yellow
                  | scales. (AC +2) [potion of mutation]
  6037 | D:7      | Found a radiant altar of Vehumet.
  6317 | D:7      | Noticed an angel
  6318 | D:7      | Found a glowing silver altar of Zin.
  6523 | D:7      | Found a sparkling altar of Nemelex Xobeh.
  6568 | D:7      | Reached skill level 10 in Short Blades
  7107 | D:8      | Noticed Psyche
  7157 | D:8      | Noticed a two-headed ogre
  7176 | D:8      | Killed a two-headed ogre
  7176 | D:8      | Reached XP level 10. HP: 58/61 MP: 10/10
  7318 | D:8      | Reached skill level 5 in Armour
  7341 | D:8      | Found a snail-covered altar of Cheibriados.
  7534 | D:8      | Noticed Joseph
  7571 | D:8      | Killed Joseph
  7752 | D:8      | Killed Psyche
  8017 | D:8      | Found a staircase to the Lair.
  8037 | Lair:1   | Entered Level 1 of the Lair of Beasts
  8038 | Lair:1   | Noticed a komodo dragon
  8044 | Lair:1   | Reached XP level 11. HP: 51/68 MP: 11/11
  8067 | Lair:1   | Reached skill level 5 in Shields
  8387 | Lair:1   | Found a runed translucent gate.
  8388 | Lair:1   | Found a runed translucent gate.
  8389 | Lair:1   | Found a runed translucent gate.
  8392 | Lair:1   | Noticed acidapple's ghost (journeyman VSTm)
  9179 | Lair:2   | HP: 3/69 [bullfrog (3)]
  9180 | Lair:2   | Slain by a black mamba

Levels and vault maps discovered:
D:1:      mrwooster_arrival_arrow, layout_basic
D:2:      layout_loops_corners, lemuel_round_altar, first_ration, uniq_robin
D:3:      layout_rooms
D:4:      layout_basic, lemuel_round_altar, nicolae_tso_besieged_by_evil,
          minmay_lizard_king
D:5:      layout_basic, minmay_temple_entry_butterflies
D:6:      layout_loops_ring, gup_sewer_entry_glass
D:7:      layout_layer_cave, nemelex_xobeh_ov_fountains_minmay, zin_angel,
          basic_altar
D:8:      layout_rooms, slow_altar_2, grunt_lair_entry_orc_guard_hut,
          enter_bailey_7, uniq_joseph, uniq_psyche
Lair:1:   layout_cave_shapes, gammafunk_ghost_necromancy, beast_lair_carwin_4
Lair:2:   layout_regular_city

Skill      XL: |  1  2  3  4  5  6  7  8  9 10 11 |
---------------+----------------------------------+-----
Stealth        | 1 2 3 4 5 7 8 9 |  9.9
Armour         | 2 3 4 5 6 |  6.2
Short Blades   | 5 6 7 9 10 | 10.0
Dodging        | 3 4 5 6 7 8 |  8.8
Fighting       | 4 5 6 7 8 |  8.4
Shields        | 2 4 5 |  5.6

Action                   |  1- 3 |  4- 6 |  7- 9 | 10-12 || total
-------------------------+-------+-------+-------+-------++-------
Melee: Short sword       |    87 |    60 |       |       ||   147
       Dagger            |       |   169 |   383 |   410 ||   962
Invok: Berserk           |     2 |     2 |     5 |     6 ||    15
       Trog's Hand       |       |     3 |     3 |    10 ||    16
  Use: Scroll            |     2 |     4 |     8 |     2 ||    16
       Potion            |       |       |     9 |     4 ||    13
 Stab: Sleeping          |     3 |     1 |     3 |     3 ||    10
       Invisible         |       |       |       |     1 ||     1
  Eat: Chunk             |    11 |    10 |    14 |    18 ||    53
Armor: Ring mail         |    12 |    52 |    19 |       ||    83
       Scale mail        |       |       |    51 |    97 ||   148
Dodge: Dodged            |    53 |   138 |   196 |   169 ||   556
Block: Buckler           |       |       |     4 |    74 ||    78
